Map: Mech Depot LE

Players

Chimelites

  • Race: Zerg Zerg
  • League: Diamond
  • Spawn Location: 1:00

Metasapien - Winner!

  • Race: Zerg Zerg
  • League: Platinum
  • Spawn Location: 7:00

VOD

Have the link to the VOD?

Description

Time

  • Played on: Sept. 24, 2017, 4:11 p.m.
  • Length: 18:57
Show
View Real Time Build Order
Export as new Build Order

Chimelites Zerg 

Build Orders: Hatch First 

Get SALT Encoding   

  12  0:01  Drone  
  13  0:09  Drone  
  14  0:17  Overlord  
  14  0:37  Drone x2  
  14  0:38  Drone  
  17  0:51  Drone  
  19  1:11  Drone x2  
  20  1:25  Hatchery  
  19  1:34  Drone x2  
  19  1:38  Extractor  
  20  1:43  Spawning Pool  
  20  1:44  Drone  
  20  1:57  Drone  
  21  2:05  Overlord  
  21  2:15  Drone  
  22  2:29  Drone  
  23  2:31  Queen  
  25  2:38  Queen  
  25  2:43  Metabolic Boost  
  27  2:45  Drone x2  
  27  2:50  Drone x2  
  31  3:04  Drone x2  
  33  3:12  Drone x2  
  35  3:21  Lair  
  35  3:29  Overlord  
  35  3:30  Overlord  
  35  3:49  Drone x6, Hatchery  
  35  3:55  Drone x3  
  43  4:07  Drone  
  43  4:09  Overlord  
  44  4:11  Overlord  
  44  4:14  Extractor  
  43  4:24  Extractor  
  43  4:25  Drone x2  
  43  4:26  Extractor  
  43  4:48  Drone x6  
  49  4:52  Infestation Pit  
  49  4:58  Drone x7  
  55  5:15  Hatchery  
  55  5:17  Hatchery  
  53  5:24  Hatchery  
  53  5:28  Drone x8  
  58  5:32  Drone  
  58  5:33  Queen  
  58  5:34  Hatchery  
  62  5:39  Hatchery  
  61  5:49  Drone x5  
  66  5:52  Overlord x3, Extractor  
  66  5:53  Extractor  
  66  5:56  Pathogen Glands  
  64  5:59  Burrow  
  64  6:06  Drone x2  
  64  6:08  Overlord x2  
  66  6:16  Pneumatized Carapace  
  66  6:18  Drone x7  
  73  6:26  Drone x2  
  73  6:29  Queen  
  77  6:34  Drone x7  
  77  6:36  Drone  
  77  6:38  Drone  
  86  6:40  Drone x3  
  86  6:57  Infestor x5  
  86  6:58  Infestor x3  
  99  7:04  Drone x6  
  104  7:10  Queen  
  104  7:14  Infestor x3  
  112  7:20  Neural Parasite  
  112  7:33  Infestor  
  112  7:36  Overlord x3  
  114  7:40  Extractor  
  114  7:41  Extractor  
  114  7:43  Infestor  
  114  7:53  Infestor  
  114  7:57  Extractor  
  115  7:59  Extractor  
  114  8:17  Drone, Infestor x3  
  117  8:35  Drone  
  117  8:41  Zergling x48  
  124  8:42  Zergling x30  
  152  9:01  Infestor x5  
  155  9:21  Infestor  
  155  9:22  Infestor  
  159  9:29  Evolution Chamber  
  158  9:32  Evolution Chamber  
  158  9:36  Spire  
  156  9:47  Overlord  
  156  9:48  Overlord x7  
  156  10:01  Infestor  
  158  10:07  Infestor x3  
  158  10:10  Infestor  
  166  10:32  Infestor x25  
  166  10:35  Extractor  
  165  10:39  Extractor  
  164  10:44  Infestor x4  
  164  10:45  Infestor x2  
  176  10:55  Hive  
  176  10:57  Zerg Missile Weapons Level 1  
  176  10:58  Zerg Ground Armor Level 1  
  176  11:03  Evolution Chamber  
  175  11:10  Infestor x2  
  179  11:14  Infestor  
  179  11:17  Infestor  
  183  11:22  Infestor  
  185  11:26  Infestor  
  185  11:30  Infestor  
  189  11:38  Infestor  
  191  11:52  Hatchery  
  149  12:06  Infestor x6  
  153  12:13  Infestor  
  153  12:14  Infestor  
  157  12:18  Infestor  
  157  12:22  Infestor  
  159  12:27  Infestor x23  
  159  12:37  Infestor  
  159  12:38  Infestor x2, Extractor  
  159  12:42  Overseer x4  
  164  12:44  Extractor  
  163  12:56  Infestor x3  
  169  13:12  Infestor x3  
  126  13:37  Infestor x6  
  132  13:44  Zerg Missile Weapons Level 2  
  126  13:53  Infestor x2  
  128  14:15  Infestor x3  
  128  14:16  Infestor x2  
  108  14:31  Infestor x9  
  108  14:34  Infestor  
  108  14:35  Infestor x2  
  92  14:59  Zergling x6  
  100  15:00  Zergling x46  
  110  15:15  Zergling x2  
  110  15:16  Zergling x14  
  95  15:31  Zergling x2  
  95  15:32  Zergling x24  
  86  15:56  Infestor x15  
  114  15:59  Infestor x3  
  113  16:08  Infestor x2  
  117  16:23  Infestor x21  
  111  16:52  Infestor x19  
  107  17:01  Infestor x6  
  117  17:14  Drone, Infestor x2  
Show
View Real Time Build Order
Export as new Build Order

Metasapien Zerg - Winner!

Build Orders: Pool First, Lurkers 

Get SALT Encoding   

  12  0:20  Spawning Pool  
  11  0:23  Drone  
  12  0:41  Drone  
  13  0:57  Hatchery  
  13  1:00  Drone  
  13  1:14  Drone  
  13  1:18  Extractor  
  13  1:19  Overlord  
  13  1:22  Extractor  
  13  1:23  Drone  
  14  1:50  Hatchery  
  14  1:51  Drone  
  14  1:55  Drone  
  14  1:59  Drone  
  16  2:11  Queen  
  16  2:15  Drone  
  19  2:27  Drone  
  20  2:31  Spine Crawler, Zergling x2  
  20  2:42  Queen  
  22  2:46  Drone  
  23  2:52  Zergling x2  
  23  2:53  Zergling x2  
  23  2:57  Zergling x2  
  26  3:04  Overlord  
  26  3:09  Drone  
  26  3:11  Drone  
  28  3:31  Zergling x6  
  28  3:32  Overlord  
  31  3:35  Metabolic Boost  
  31  3:45  Queen  
  31  3:46  Drone  
  34  3:49  Drone  
  35  3:57  Drone x2  
  37  4:05  Drone x3  
  37  4:08  Extractor  
  40  4:10  Drone  
  40  4:11  Drone  
  40  4:14  Drone  
  42  4:23  Drone x2  
  42  4:24  Drone x2  
  46  4:33  Drone  
  46  4:36  Lair  
  47  4:39  Extractor  
  47  4:40  Pneumatized Carapace  
  47  4:43  Extractor  
  47  4:45  Drone x2  
  47  4:46  Drone  
  47  4:49  Drone  
  49  4:59  Zergling x2  
  50  5:07  Overlord x2  
  50  5:10  Roach Warren  
  49  5:15  Extractor  
  49  5:16  Overlord  
  48  5:31  Overlord x2  
  48  5:33  Overlord  
  48  5:37  Drone x2  
  48  5:38  Drone  
  48  5:41  Drone x2  
  48  5:42  Drone x3  
  56  5:48  Infestation Pit  
  55  5:53  Hydralisk Den  
  55  5:56  Roach x2  
  58  5:57  Roach  
  58  6:02  Drone  
  58  6:03  Drone x2  
  63  6:06  Drone x2  
  63  6:08  Drone  
  66  6:12  Overseer  
  66  6:21  Drone  
  66  6:23  Drone x3  
  70  6:27  Drone x4, Extractor  
  70  6:28  Drone x2  
  70  6:32  Spine Crawler  
  74  6:36  Roach  
  74  6:37  Roach  
  74  6:39  Roach  
  80  6:40  Roach  
  80  6:43  Roach  
  80  6:45  Roach  
  86  6:47  Hydralisk  
  86  6:50  Hydralisk  
  86  6:52  Hydralisk  
  92  6:55  Hydralisk  
  92  6:58  Hydralisk  
  92  7:00  Hydralisk  
  96  7:12  Burrow  
  96  7:25  Drone  
  96  7:26  Drone  
  96  7:28  Lurker Den  
  96  7:29  Overlord  
  97  7:30  Overlord x5  
  97  7:31  Overlord  
  97  7:35  Drone  
  98  7:54  Hatchery  
  97  8:02  Drone, Evolution Chamber  
  97  8:03  Drone x2  
  97  8:05  Drone x2  
  101  8:06  Evolution Chamber  
  95  8:17  Zergling x2  
  95  8:18  Zergling x12  
  95  8:19  Roach x3  
  109  8:20  Roach  
  109  8:29  Ravager x2  
  109  8:30  Ravager  
  79  8:56  Hydralisk x3  
  79  8:57  Hydralisk x2, Roach x2  
  79  8:58  Roach x2  
  93  9:13  Drone  
  91  9:18  Hydralisk x4  
  91  9:19  Roach x3  
  105  9:27  Zerg Ground Armor Level 1, Zerg Missile Weapons Level 1  
  105  9:30  Queen  
  105  9:31  Queen x3  
  107  9:35  Drone  
  114  9:39  Hydralisk x3  
  114  9:40  Roach, Hydralisk  
  124  9:47  Hatchery  
  123  9:57  Drone  
  124  10:01  Drone x2  
  124  10:02  Drone x2  
  124  10:03  Drone x2  
  124  10:04  Drone x2  
  124  10:05  Drone x2  
  124  10:06  Overlord, Drone x2  
  124  10:07  Overlord x3  
  136  10:23  Hydralisk x3  
  136  10:24  Roach x2  
  161  10:38  Nydus Network  
  161  10:40  Lurker x3  
  161  10:41  Lurker  
  164  10:50  Overlord  
  164  11:00  Drone x2  
  164  11:02  Extractor  
  164  11:04  Overlord x3  
  165  11:05  Extractor  
  165  11:08  Overseer  
  164  11:23  Zerg Missile Weapons Level 2  
  164  11:26  Zerg Ground Armor Level 2  
  164  11:27  Roach, Hydralisk x5  
  164  11:28  Roach x3  
  199  12:05  Zergling x2  
  198  12:16  Overseer x3  
  198  12:36  Nydus Canal  
  198  12:41  Roach  
  199  13:34  Zergling x2  
  199  13:35  Zergling x8  
  199  13:36  Zergling x4  
  199  13:37  Zergling x36  
  159  13:50  Roach, Hydralisk x2  
  159  13:51  Roach x3, Hydralisk x4  
  159  13:52  Roach x3  
  179  14:05  Drone x2  
  181  14:13  Overseer  
  181  14:17  Zergling x2  
  181  14:18  Zergling x16  
  190  14:24  Hive  
  179  14:36  Zergling x2  
  179  14:37  Zergling x18  
  171  15:07  Drone x3  
  170  15:17  Ravager  
  170  15:18  Ravager  
  140  15:44  Hydralisk x2  
  140  15:45  Roach x2, Zergling x2, Hydralisk  
  140  15:46  Zergling x22  
  153  16:04  Hydralisk x2  
  153  16:05  Roach x4, Hydralisk x2  
  168  16:20  Hatchery  
  168  16:23  Hatchery  
  160  16:29  Overlord  
  160  16:30  Overlord x2  
  160  16:31  Zergling x2  
  160  16:32  Zergling x18  
  165  16:34  Adrenal Glands  
  165  16:45  Zergling x6  
  165  16:46  Zergling x10  
  173  16:51  Ultralisk Cavern  
  162  17:27  Extractor  
  161  17:31  Extractor  
  161  17:36  Roach x4, Hydralisk x4  
  174  17:37  Roach  
  174  17:38  Roach x2, Hydralisk x4  
  174  17:39  Roach x3  
  174  17:43  Extractor  
  195  17:45  Extractor  
  175  18:42  Ravager x2  
  175  18:43  Ravager  
  175  18:44  Ravager x3  
Tags
 
Add a new tag
Caveats
  • Supply blocks, unpowered buildings, or Contaminate may cause inaccurate times.
  • Supply counts are checked every 10 seconds.